 Dungeon Crawl Stone Soup version 0.32-a0-876-gcfddb08e57 (webtiles) character file.

Game seed: 13536871793097164682

218 Aldia the Apothecary (level 5, -2/34 HPs)
             Began as an Octopode Alchemist on Mar 31, 2024.
             Was an Initiate of Ru.
             Slain by a gnoll bouda
             ... wielding a +0 whip
              (7 damage)
             ... on level 4 of the Dungeon.
             The game lasted 00:05:04 (3043 turns).

Aldia the Apothecary (Octopode Alchemist)           Turns: 3043, Time: 00:05:05

Health: -2/34      AC:  1    Str:  7    XL:     5   Next: 95%
Magic:  4/9        EV: 12    Int: 20    God:    Ru [......]
Gold:   51         SH:  0    Dex: 12    Spells: 4/10 levels left

rFire   . . .        d - +2 whip (venom)
rCold   . . .        (no shield)
rNeg    . . .        (helmet currently unavailable)
rPois   .            (no amulet)
rElec   .            (no ring)
rCorr   .            (no ring)
SInv    .            (no ring)
Will    .....        (no ring)
Stlth   +++          (no ring)
HPRegen 0.25/turn    (no ring)
MPRegen 0.11/turn    (no ring)
                     (no ring)

%: no passive effects
@: beast-form
A: beast (slay +0), almost no armour, amphibious, 8 rings, camouflage 1,
gelatinous body 1, (nimble swimmer 1), tentacles
a: Begin Untransformation, Renounce Religion


You were on level 4 of the Dungeon.
You worshipped Ru.
Ru was noncommittal.
You were a hulking beast.
You visited 1 branch of the dungeon, and saw 4 of its levels.

You collected 51 gold pieces.

Inventory:

Hand Weapons
 d - a +2 whip of venom (weapon)
Talismans
 f - a beast talisman (active)
Wands
 n - a wand of digging (7)
Scrolls
 c - a scroll of teleportation {unknown}
 e - a scroll of noise {unknown}
 g - a scroll of fear
 l - a scroll of poison {unknown}
 m - a scroll of blinking {unknown}
Potions
 a - a potion of magic
 b - 2 potions of enlightenment {unknown}
 h - a potion of mutation {unknown}
 i - a potion of heal wounds {unknown}
 j - 2 potions of degeneration {unknown}
 k - 3 potions of curing {unknown}


   Skills:
 - Level 2.0 Fighting
 + Level 2.1 Dodging
 - Level 3.0 Stealth
 + Level 3.0 Spellcasting
 - Level 2.0 Conjurations
 + Level 1.8 Air Magic
 * Level 4.7 Alchemy


You had 4 spell levels left.
You knew the following spells:

 Your Spells              Type           Power      Damage    Failure   Level
a - Sting                 Conj/Alch      64%        1d7       3%          1
b - Mercury Vapours       Alch/Air       32%        N/A       5%          2
c - Mephitic Cloud        Conj/Alch/Air  14%        N/A       13%         3

Your spell library contained the following spells:

 Spells                   Type           Power      Damage    Failure   Level
 Olgreb's Toxic Radiance  Alch           22%        N/A       21%         4
 Sticky Flame             Fire/Alch      12%        2d5       47%         4


Dungeon Overview and Level Annotations

Branches:
Dungeon (4/15)
 Temple: D:4-7

Altars:
Ru
Uskayaw


Innate Abilities, Weirdness & Mutations

You are a hulking beast.
Your limbs bulge with bestial killing power. (Slay +0)
You cannot wear most types of armour.
You are amphibious.
You can wear up to eight rings at the same time.
Your skin changes colour to match your surroundings (Stealth+).
Your rubbery body absorbs attacks. (AC +1, EV +1)
((You are camouflaged when in or above water. (Stealth+)))
You have tentacles for arms and can constrict up to eight enemies at once.


Message History

The gnoll barely misses you.
The gnoll is engulfed in noxious fumes.
The gnoll appears confused.
The gnoll hits you with a +0 spear.
The gnoll is engulfed in noxious fumes.
The gnoll appears confused.
You see here a scroll labelled VIOC YTSIESAUPP.
You hit the gnoll.
The gnoll is poisoned.
You grab the gnoll. You squeeze the gnoll.
The gnoll is heavily wounded.
You constrict the gnoll.
You kill the gnoll!
You hit the gnoll bouda but do no damage.
The gnoll bouda is poisoned.
You grab the gnoll bouda. You constrict the gnoll bouda. The adder bites you.
The gnoll is engulfed in noxious fumes.
The gnoll appears confused.
The gnoll hits the gnoll bouda with a +0 spear.
The gnoll bouda looks very confused.
The gnoll bouda hits you with a +0 whip!
Unknown command.
You hit the adder.
The adder is poisoned.
You grab the adder.
The adder is heavily wounded.
You constrict the gnoll bouda. You constrict the adder. The adder bites you.
The gnoll barely misses you.
The gnoll is engulfed in noxious fumes.
The gnoll appears confused.
The adder barely misses you.
The gnoll bouda struggles to escape constriction.
The gnoll barely misses you.
Unknown command.
You hit the adder.
You kill the adder!
You constrict the gnoll bouda.
The gnoll is no longer weakened.
The gnoll is engulfed in noxious fumes.
The gnoll bouda barely misses you.
The gnoll hits you from afar with a +0 halberd!
* * * LOW HITPOINT WARNING * * *
Unknown command.
Unknown command.
Unknown command.
You release your grip on the gnoll bouda.
You kill the gnoll!
The gnoll bouda hits you with a +0 whip!
You die...
Ru respects your ultimate sacrifice.

###..#####.#.#
.............##.#.#
#.........<.......
#.........#<......
#........☼#.##.#.#
+.......g○#.# #
#......)§...#
#.....##?g#.#
###.####h†#.##.#
...........!)...
#######.##.##.##
........# .#
#######<# # ###


You could see a gnoll bouda (confused, very poisoned) and a gnoll.

Vanquished Creatures
  Jessica (D:2)
  6 gnolls
  8 adders
  A ribbon worm (D:3)
  3 dart slugs
  An orc (D:3)
  2 bats (D:3)
  2 endoplasms
  3 giant cockroaches (D:1)
  7 goblins
  7 hobgoblins
  2 jackals (D:1)
  2 quokkas (D:2)
  8 ball pythons
  4 frilled lizards
  6 kobolds
  6 rats
69 creatures vanquished.

Notes
Turn   | Place    | Note
-------+----------+-------------------------------------------
     0 | D:1      | Aldia the Octopode Alchemist began the quest for the Orb.
     0 | D:1      | Reached XP level 1. HP: 11/11 MP: 3/3
   210 | D:1      | Reached XP level 2. HP: 13/17 MP: 3/5
   230 | D:1      | Learned a level 2 spell: Mercury Vapours
  1002 | D:2      | Reached skill level 4 in Alchemy
  1002 | D:2      | Reached XP level 3. HP: 20/22 MP: 1/6
  1006 | D:2      | Learned a level 3 spell: Mephitic Cloud
  1159 | D:2      | Reached skill level 1 in Fighting
  1256 | D:2      | Noticed Jessica
  1262 | D:2      | Killed Jessica
  1263 | D:2      | Reached skill level 1 in Air Magic
  1263 | D:2      | Reached XP level 4. HP: 28/28 MP: 7/7
  1620 | D:2      | Reached XP level 5. HP: 27/33 MP: 3/9
  2278 | D:3      | Found a sacrificial altar of Ru.
  2311 | D:3      | Became a worshipper of Ru the Awakened
  2849 | D:3      | Found a hide-covered altar of Uskayaw.
  3043 | D:4      | Slain by a gnoll bouda

Illustrated notes

Levels and vault maps discovered:
D:1:      minmay_arrival_cross, layout_loops_ring, serial_forest,
          infiniplex_forest_clump_small, infiniplex_forest_clump_tiny,
          infiniplex_forest_lined_2, infiniplex_forest_straight_4,
          infiniplex_forest_clump_cross, infiniplex_forest_side_room
D:2:      kb_forest_paths, layout_loops_ring, uniq_jessica
D:3:      layout_basic, mainiacjoe_overflow_alcove_4, nicolae_uskayaw_suspiria
D:4:      layout_basic, xom_redecorated, serial_shops, shop_fountains,
          pf_guarded_unrand_delatra, uniq_natasha

Skill      XL: |  1  2  3  4  5 |
---------------+----------------+-----
Stealth        | 3 |  3.0
Alchemy        | 4 |  4.7
Fighting       | 1 2 |  2.0
Air Magic      | 1 |  1.8
Conjurations   | 2 |  2.0
Spellcasting   | 3 |  3.0
Dodging        | |  2.1

Action                     |  1- 3 |  4- 6 || total
---------------------------+-------+-------++-------
  Melee: Whip              |    24 |    42 ||    66
         Constrict         |     7 |    19 ||    26
         Tentacles         |     2 |     8 ||    10
   Cast: Sting             |    32 |    41 ||    73
         Mercury Vapours   |       |     3 ||     3
         Mephitic Cloud    |       |     1 ||     1
    Use: Scroll            |       |     1 ||     1
   Stab: Sleeping          |       |     5 ||     5
 Armour: Skin              |    14 |    34 ||    48
  Dodge: Dodged            |    24 |    36 ||    60
   Form: Beast             |     1 |       ||     1

Table legend: (Time is in decaauts)
 A = Elapsed time spent in this place.
 B = Non-inter-level travel time spent in this place.
 C = Inter-level travel time spent in this place.
 D = Time resting spent in this place.
 E = Time spent auto-exploring this place.
 F = Levels seen in this place.
 G = Mean time per level.
                   A        B        C        D        E       F      G
               +--------+--------+--------+--------+--------+-----+--------+
         Total |   3048 |   2956 |     92 |      0 |   2430 |   4 |  762.0 |
       Dungeon |   3048 |   2956 |     92 |      0 |   2430 |   4 |  762.0 |
               +--------+--------+--------+--------+--------+-----+--------+

Top non-repeatable levels by time:
     D:2: 1281 daAuts
     D:1: 997 daAuts
     D:3: 745 daAuts
     D:4: 23 daAuts
